 Dungeon Crawl Stone Soup version 0.19.3-4-gbf9329e (webtiles) character file.

86 winWinterter the Slasher (level 4, 0/35 HPs)
             Began as a Demonspawn Gladiator on Jan 27, 2017.
             Slain by a gnoll (4 damage)
             ... on level 3 of the Dungeon.
             The game lasted 00:04:04 (1714 turns).

winWinterter the Slasher (Demonspawn Gladiator)     Turns: 1714, Time: 00:04:05

Health: 0/35       AC: 10    Str: 15    XL:     4   Next: 27%
Magic:  4/4        EV:  7    Int: 10    God:
Gold:   100        SH:  0    Dex: 14    Spells: 0 memorised, 3 levels left

rFire  . . .     SeeInvis .     a - +0 long sword
rCold  . . .     Gourm    .     t - +0 chain mail
rNeg   . . .     Faith    .     (no shield)
rPois  .         Spirit   .     c - +0 helmet
rElec  .         Reflect  .     q - +0 cloak
rCorr  .         Harm     .     (no gloves)
MR     .....                    (no boots)
Stlth  ..........               (no amulet)
                                (no ring)
                                (no ring)

@: no status effects
A: talons 1
a: no special abilities


You were on level 3 of the Dungeon.
You were near starving.

You visited 1 branch of the dungeon, and saw 3 of its levels.

You collected 100 gold pieces.

Inventory:

Hand Weapons
 a - a +0 long sword (weapon)
 n - a +0 falchion
Missiles
 d - 3 throwing nets (quivered)
Armour
 b - a +0 leather armour
 c - a +0 helmet (worn)
 e - a +0 ring mail
 q - a +0 cloak (worn)
 t - a +0 chain mail (worn)
Jewellery
 o - a +3 ring of protection {unknown}
 s - an uncursed ring of magical power {unknown}
Scrolls
 g - a scroll of fear {unknown}
 h - 4 scrolls of identify {unknown}
 i - a scroll of random uselessness {unknown}
 j - 3 scrolls of remove curse {unknown}
 k - a scroll of teleportation {unknown}
 l - 2 scrolls of enchant weapon {unknown}
 v - 2 scrolls of enchant armour {unknown}
Potions
 m - a potion of brilliance {unknown}
 p - a potion of might {unknown}
 r - a potion of flight {unknown}
 u - a potion of invisibility {unknown}
Comestibles
 f - 2 bread rations


   Skills:
 * Level 3.0 Fighting
 * Level 3.9 Long Blades
 - Level 1.7 Throwing
 + Level 0.5 Armour
 + Level 2.9 Dodging


You had 3 spell levels left.
You didn't know any spells.

Dungeon Overview and Level Annotations

Branches:
Dungeon (3/15)

Altars:
Elyvilon
Fedhas
Okawaru
The Shining One

Annotations:
D:2 exclusion: oklob plant


Innate Abilities, Weirdness & Mutations

You have sharp toenails.


Message History

You hit the gnoll.
You kill the gnoll!
The gnoll hits you but does no damage. x2
You hit the gnoll. Your kick misses the gnoll.
The gnoll is lightly wounded.
The gnoll hits you but does no damage.
The gnoll hits you from afar with a spear.
You slash the gnoll! You claw the gnoll, but do no damage.
The gnoll is severely wounded.
The gnoll hits you but does no damage. The gnoll barely misses you.
You hit the gnoll. You claw the gnoll, but do no damage.
The gnoll is almost dead.
The gnoll hits you. The gnoll hits you but does no damage. The gnoll hits you.
* * * LOW HITPOINT WARNING * * *
You hit the gnoll but do no damage. Your kick misses the gnoll.
The gnoll is almost dead.
The gnoll hits you from afar with a spear.
* * * LOW HITPOINT WARNING * * *
The gnoll hits you.
You die...

##+#########
#....##....# #....
#.##.# ... #.##.#
#g# #.##.#.####
##'####.##.#....#
#g@.....##.####.##
#..>....##.#.....#
#.......##.##.#..#
##+#..#>##.##.#..#
##.#..#.##....#..#
......#<##.#..#..#
......#.#######..#
......#..(.......#
........#.######.#


You could see 2 gnolls.

Vanquished Creatures
  2 gnolls (D:3)
  2 adders (D:2)
  2 dart slugs (D:1)
  2 leopard geckos
  2 giant cockroaches
  4 goblins
  7 hobgoblins
  A ball python (D:2)
  6 bats
  4 frilled lizards
  7 kobolds
  8 rats
47 creatures vanquished.

Notes
Turn   | Place    | Note
-------+----------+-------------------------------------------
     0 | D:1      | winWinterter the Demonspawn Gladiator began the quest for the Orb.
     0 | D:1      | Reached XP level 1. HP: 16/16 MP: 1/1
   144 | D:1      | Gained mutation: You have sharp toenails. [demonic ancestry]
   144 | D:1      | Reached XP level 2. HP: 20/22 MP: 2/2
   292 | D:1      | Found an iron altar of Okawaru.
   841 | D:2      | Found a glowing golden altar of the Shining One.
   906 | D:2      | Reached XP level 3. HP: 11/28 MP: 3/3
  1021 | D:2      | Found a white marble altar of Elyvilon.
  1519 | D:2      | Found a blossoming altar of Fedhas.
  1555 | D:2      | Noticed an oklob plant
  1702 | D:3      | Reached XP level 4. HP: 26/35 MP: 4/4
  1714 | D:3      | Slain by a gnoll

Skill      XL: |  1  2  3 |
---------------+----------+-----
Long Blades    | 3 |  3.9
Fighting       | 3 |  3.0
Throwing       | |  1.7
Armour         | |  0.5
Dodging        | |  2.9

Action                   |  1- 3 |  4- 6 || total
-------------------------+-------+-------++-------
Melee: Long sword        |   161 |     8 ||   169
       Kick              |    53 |     3 ||    56
  Use: Potion            |     1 |       ||     1
  Eat: Chunk             |     1 |       ||     1
Armor: Ring mail         |    31 |       ||    31
       Chain mail        |    52 |     8 ||    60
Dodge: Dodged            |    91 |     7 ||    98
       Rpst.: Long sword |    34 |     1 ||    35
